 Dungeon Crawl Stone Soup version 0.23-a0-639-ga9a3373 (console) character file.

135512 Duffy the Eclecticist (level 16, 122/122 HPs)
             Began as a Demonspawn Fire Elementalist on Dec 29, 2018.
             Was the Champion of Vehumet.
             Quit the game on level 15 of the Dungeon.
             The game lasted 01:12:23 (40140 turns).

Duffy the Eclecticist (DsFE)                       Turns: 40140, Time: 01:12:23

Health: 122/122    AC: 15    Str:  8    XL:     16   Next: 64%
Magic:  33/35      EV: 14    Int: 30    God:    Vehumet [******]
Gold:   1071       SH:  8    Dex: 14    Spells: 22/45 levels left

rFire    + . .     SeeInvis .   N - staff of fire {!a}
rCold    + . .     Gourm    .   Y - +0 buckler
rNeg     . . .     Faith    .   A - +1 ring mail {MR+}
rPois    .         Spirit   +   P - +0 helmet
rElec    .         Reflect  +   E - +0 cloak
rCorr    .         Harm     .   u - +0 pair of gloves of the Abyss {Regen+}
MR       ++...                  (boots unavailable)
Stlth    +++.......             r - +4 amulet of reflection
HPRegen  0.70/turn              I - +6 ring of intelligence
MPRegen  0.24/turn              n - +3 ring of protection

@: studying Dodging
A: hooves 3, molten scales 2, cold resistance 1, nightstalker 2, magic shield
a: Renounce Religion


You were on level 15 of the Dungeon.
You worshipped Vehumet.
Vehumet was exalted by your worship.
You were hungry.

You visited 4 branches of the dungeon, and saw 24 of its levels.
You also visited: Bailey.

You collected 2387 gold pieces.
You spent 1316 gold pieces at shops.

Inventory:

Hand Weapons
 z - the +7 hunting sling of Qob Couv {flame, rC+ rN+}
   (You found it on level 12 of the Dungeon)

   It causes projectiles fired from it to burn those they strike, causing extra
   injury to most foes and up to half again as much damage against particularly
   susceptible opponents.
   It protects you from cold.
   It protects you from negative energy.
Missiles
 v - 3 throwing nets (quivered)
Armour
 u - the +0 pair of gloves of the Abyss (worn) {Regen+}
   (You bought it in a shop on level 2 of the Orcish Mines)

   It increases your rate of regeneration.
 A - a +1 ring mail of magic resistance (worn)
 D - a +1 ring mail of cold resistance
 E - a +0 cloak (worn)
 F - the +2 robe "Zemoa" {rF+ Slay+3}
   (You took it off an orc on level 11 of the Dungeon)

   It affects your accuracy and damage with ranged weapons and melee attacks
   (+3).
   It protects you from fire.
 P - a +0 helmet (worn)
 Y - a +0 buckler (worn)
Magical Staves
 B - an uncursed staff of wizardry {!a}
 N - an uncursed staff of fire (weapon) {!a}
Jewellery
 a - an uncursed ring of resist corrosion
 n - a +3 ring of protection (right hand)
 r - a +4 amulet of reflection (around neck)
 I - a +6 ring of intelligence (left hand)
Wands
 i - a wand of flame (40)
 o - a wand of random effects (29)
 x - a wand of polymorph (8)
 H - a wand of acid (14)
 K - a wand of paralysis (13)
 V - a wand of digging (5)
 X - a wand of iceblast (16)
Scrolls
 e - 16 scrolls of teleportation
 f - 9 scrolls of remove curse
 k - 6 scrolls of fog
 l - a scroll of acquirement
 q - 2 scrolls of enchant armour
 w - 3 scrolls of amnesia
 L - 3 scrolls of magic mapping
 O - a scroll of vulnerability
 Q - 3 scrolls of noise
 S - 3 scrolls of immolation
 T - 4 scrolls of blinking
Potions
 b - 5 potions of agility
 d - 4 potions of heal wounds
 g - 5 potions of resistance
 j - 3 potions of mutation
 m - 5 potions of flight
 s - 7 potions of curing
 t - 6 potions of brilliance
 C - 4 potions of haste
 J - 4 potions of ambrosia
 M - 3 potions of invisibility
 Z - 3 potions of cancellation
Books
 h - a manual of Dodging
Miscellaneous
 R - a fan of gales
 U - a sack of spiders
 W - a lamp of fire
Comestibles
 c - 28 rations


   Skills:
 - Level 10.0 Fighting
 + Level 10.4 Dodging
 - Level 1.7 Stealth
 + Level 1.7 Shields
 + Level 15.2 Spellcasting
 - Level 12.2 Conjurations
 - Level 11.5 Fire Magic
 - Level 6.1 Evocations


You had 22 spell levels left.
You knew the following spells:

 Your Spells              Type           Power        Failure   Level  Hunger
a - Flame Tongue          Conj/Fire      #####        1%          1    None
h - Iskenderun's Mystic   Conj           #######.     1%          4    None
j - Sticky Flame          Conj/Fire      #######.     1%          4    None
k - Fireball              Conj/Fire      #######...   1%          5    None
l - Conjure Flame         Conj/Fire      #######.     1%          3    None
n - Bolt of Fire          Conj/Fire      #######...   2%          6    ###....

Your spell library contained the following spells:

 Spells                   Type           Power        Failure   Level  Hunger
 Conjure Ball Lightning   Conj/Air       ######....   26%         6    ###....
 Magic Dart               Conj           ####         1%          1    None
 Searing Ray              Conj           ######       1%          2    None
 Throw Flame              Conj/Fire      ######       1%          2    None
 Dazzling Spray           Conj/Hex       ######       1%          3    None
 Inner Flame              Hex/Fire       ######..     1%          3    None
 Static Discharge         Conj/Air       ######..     1%          3    None
 Force Lance              Conj/Tloc      ######..     1%          4    None
 Fulminant Prism          Conj/Hex       ######....   1%          4    None
 Bolt of Draining         Conj/Necr      ######....   5%          5    None
 Lightning Bolt           Conj/Air       ######....   5%          5    None
 Animate Skeleton         Necr           N/A          9%          1    None
 Corona                   Hex            ###....      9%          1    None
 Pain                     Necr           ###.         9%          1    None
 Corpse Rot               Necr           N/A          13%         2    None
 Slow                     Hex            ###.....     13%         2    None
 Sublimation of Blood     Necr           ###.......   13%         2    None
 Portal Projectile        Hex/Tloc       ###...       26%         3    None
 Regeneration             Chrm/Necr      ###.......   26%         3    None
 Vampiric Draining        Necr           ###.......   26%         3    None
 Animate Dead             Necr           N/A          65%         4    None
 Cause Fear               Hex            ###.......   65%         4    None
 Leda's Liquefaction      Hex/Erth       ###.......   65%         4    None
 Ignition                 Fire           #######...   73%         8    ######.
 Agony                    Necr           ###.....     94%         5    None
 Dispel Undead            Necr           ###.....     94%         5    None
 Excruciating Wounds      Chrm/Necr      ###.......   94%         5    None
 Shatter                  Erth           ###.......   100%        9    #######
 Tornado                  Air            ###.......   100%        9    #######


Dungeon Overview and Level Annotations

Branches:
Dungeon (15/15)            Temple (1/1) D:4            Lair (6/6) D:10
  Swamp (0/4) Lair:4        Snake (0/4) Lair:3        Slime (0/5) Lair:6
    Orc (2/2) D:11            Elf (0/3) Orc:2        Vaults (0/5) D:13
 Depths (0/5) D:15

Altars:
Ashenzari
Cheibriados
Dithmenos
Elyvilon
Fedhas
Gozag
Hepliaklqana
Kikubaaqudgha
Makhleb
Nemelex Xobeh
Okawaru
Qazlal
Ru
Sif Muna
Trog
Uskayaw
Vehumet
Wu Jian
Xom
Yredelemnul
Zin
The Shining One

Shops:
D:4 !   D:9 *   D:11 [   Orc:1 =   Orc:2 (**!

Annotations:
D:15 3 exclusions, Louise


Innate Abilities, Weirdness & Mutations

You have hooves in place of feet.
You are mostly covered in molten scales. (AC +3)
Your flesh is cold resistant. (rC+)
You are significantly more attuned to the shadows.
When hurt, damage is shared between your health and your magic reserves.


Message History

Unknown command.
Search for what [Enter for "."]? shield Partly explored, can't reach some places.
Unknown command.
Describe a (M)onster, (S)pell, s(K)ill, (A)bility, (C)ard, (I)tem, (F)eature, Describe a monster; partial names and regexps are fine.
Enter a single letter Describe a (M)onster, (S)pell, s(K)ill, (A)bility, (C)ard, (I)tem, (F)eature,
Okay, then.
Put on which piece of jewellery? (? for menu, Esc to quit)
Okay, then.
Partly explored, can't reach some places.
Okay, then.
Partly explored, can't reach some places.
Okay, then.
You feel more experienced!
Your Spellcasting skill increases to level 15!
You have reached level 16!
You feel clever.
Your demonic ancestry asserts itself...
You feel resistant to cold.
Are you sure you want to abandon this character and quit the game? (Confirm

#.......### ###
#.........# #..
#.........# #..
#.........# #..
#.........#########..
#....................
#....................
###................####
#.....@.....#####..#...
#######.....# #..#...
#.....# #..'... #.....#
#..#... #.....# #..#...
#.....#####..####
#................
#.....#######....
#.....#.....#....


There were no monsters in sight!

Vanquished Creatures
  A fire giant (D:15)
  An orc warlord (Bailey)
  Nessos (D:15)
  2 ogre magi (Orc:2)
  Erolcha (D:10)
  6 hydras
  4 vault guards (D:13)
  2 catoblepae
  A death knight (D:13)
  4 centaur warriors
  11 death yaks
  9 two-headed ogres
  Erica (D:9)
  A queen ant (Lair:3)
  The ghost of Nr616 the Severer, a novice HOFi of Makhleb (D:8)
  2 deep trolls (Orc:2)
  An unseen horror (D:11)
  An orc knight (Orc:2)
  A lindwurm (Lair:3)
  A wolf spider zombie (D:12)
  5 manticores
  An orc sorcerer (Orc:2)
  14 deep elf magi
  An ugly thing (D:12)
  5 elephants (Lair:6)
  3 cyclopes
  Joseph (D:8)
  2 black mambas
  2 gargoyles
  A torpor snail (Lair:2)
  2 centaur skeletons
  20 spiny frogs
  A kobold demonologist (D:12)
  A yaktaur (shapeshifter) (D:14)
  2 rime drakes
  8 komodo dragons
  13 trolls
  A polar bear (Lair:5)
  A bog body (Lair:4)
  19 blink frogs
  2 hornets
  3 tyrant leeches (Lair:6)
  5 hippogriffs
  6 dream sheep
  Sigmund (D:2)
  A spriggan (D:7)
  A vampire (D:9)
  41 yaks
  A basilisk (shapeshifter) (D:14)
  3 wyverns
  A hungry ghost (D:8)
  12 vampire mosquitoes
  A harpy simulacrum (D:15)
  A warg (Orc:1)
  9 soldier ants (Lair:3)
  An acid dragon (D:13)
  25 water moccasins
  9 porcupines
  17 orc warriors
  8 ice beasts
  2 black bears
  2 sky beasts
  3 necrophages
  27 ogres
  7 wolves
  16 centaurs
  4 phantoms
  14 crocodiles
  4 big kobolds
  23 bullfrogs
  A wyvern zombie (D:13)
  8 scorpions
  17 killer bees
  14 wights
  7 electric eels
  3 howler monkeys
  5 crimson imps
  2 quasits
  2 centaur zombies
  15 orc priests
  4 jellies
  6 hounds
  Crazy Yiuf (D:2)
  2 bullfrog skeletons
  13 orc wizards
  Jessica (D:2)
  Natasha (thrice) (D:2)
  3 iguanas
  Ijyb (D:3)
  30 worker ants
  A bullfrog simulacrum (D:8)
  2 hound skeletons (D:9)
  12 gnolls
  A howler monkey skeleton (D:9)
  18 adders
  6 shadow imps
  2 white imps (D:8)
  2 oozes
  An adder zombie (D:5)
  An adder skeleton (D:9)
  5 worms
  3 dart slugs
  5 leopard geckos
  75 orcs
  4 ball pythons
  8 giant cockroaches
  5 hobgoblins
  5 jackals
  4 quokkas
  11 bats
  2 frilled lizards
  12 goblins
  A jackal zombie (D:5)
  37 kobolds
  A leopard gecko simulacrum (D:8)
  A leopard gecko skeleton (D:5)
  4 rats
  A plant (D:10)
773 creatures vanquished.

Vanquished Creatures (others)
  A cyclops (Orc:2)
  2 centaurs (D:9)
  An adder (Lair:3)
  10 fungi
  39 plants
53 creatures vanquished.

Grand Total: 826 creatures vanquished

Notes
Turn   | Place    | Note
-------+----------+-------------------------------------------
     0 | D:1      | Duffy the Demonspawn Fire Elementalist began the quest for
                  | the Orb.
     0 | D:1      | Reached XP level 1. HP: 13/13 MP: 3/3
   201 | D:2      | Found a glowing silver altar of Zin.
   228 | D:2      | Gained mutation: You are slightly more attuned to the
                  | shadows. [demonic ancestry]
   228 | D:2      | Reached XP level 2. HP: 11/19 MP: 1/5
  1234 | D:2      | Reached XP level 3. HP: 24/24 MP: 0/6
  1239 | D:2      | Learned a level 3 spell: Conjure Flame
  1308 | D:2      | Noticed Sigmund
  1817 | D:3      | Noticed Ijyb
  1856 | D:3      | Killed Ijyb
  2087 | D:3      | Reached XP level 4. HP: 30/30 MP: 2/7
  2134 | D:3      | Found a stormy altar of Qazlal.
  2188 | D:3      | Found a faded altar of an unknown god.
  3036 | D:3      | Gained mutation: You have large cloven feet. [demonic
                  | ancestry]
  3036 | D:3      | Reached XP level 5. HP: 35/35 MP: 4/8
  3619 | D:4      | Found Kyhuge's Distillery.
  3630 | D:4      | Reached skill level 3 in Spellcasting
  3679 | D:4      | Bought a potion of flight for 33 gold pieces
  3757 | D:4      | Noticed an ogre
  3857 | D:4      | Killed an ogre
  3857 | D:4      | Gained mutation: You have hoof-like feet. [demonic
                  | ancestry]
  3857 | D:4      | Reached XP level 6. HP: 41/41 MP: 4/10
  3993 | D:4      | Found a white marble altar of Elyvilon.
  4094 | D:4      | Found a staircase to the Ecumenical Temple.
  4102 | Temple   | Entered the Ecumenical Temple
  4465 | Temple   | Became a worshipper of Vehumet
  4676 | D:4      | Learned a level 4 spell: Sticky Flame
  4692 | D:4      | Found an opulent altar of Gozag.
  5227 | D:5      | Entered Level 5 of the Dungeon
  5462 | D:5      | Reached XP level 7. HP: 46/46 MP: 1/12
  5770 | D:5      | Reached skill level 4 in Spellcasting
  5880 | D:5      | Reached * piety under Vehumet
  5880 | D:5      | Offered knowledge of Shock by Vehumet.
  5926 | D:5      | Reached skill level 5 in Conjurations
  5926 | D:5      | Reached skill level 5 in Fire Magic
  6189 | D:5      | Reached skill level 1 in Fighting
  7035 | D:2      | Noticed Jessica
  7039 | D:2      | Killed Jessica
  7204 | D:2      | Found a bloodstained altar of Trog.
  7237 | D:2      | Noticed Natasha
  7260 | D:2      | Killed Natasha
  7530 | D:2      | Found a runed door.
  7534 | D:2      | Noticed Crazy Yiuf
  7540 | D:2      | Killed Crazy Yiuf
  7688 | D:2      | Killed Sigmund
  7688 | D:2      | Offered knowledge of Sandblast by Vehumet.
  7688 | D:2      | Gained mutation: You are partially covered in molten
                  | scales. (AC +2) [demonic ancestry]
  7688 | D:2      | Reached XP level 8. HP: 47/58 MP: 1/14
  7847 | D:2      | Noticed Natasha
  7854 | D:2      | Killed Natasha
  7854 | D:2      | Reached ** piety under Vehumet
  7894 | D:2      | Learned a level 5 spell: Fireball
  7899 | D:2      | Noticed Natasha
  7919 | D:2      | Killed Natasha
  8147 | D:4      | Bought 2 potions of haste for 220 gold pieces
  8616 | D:6      | Found a deep blue altar of Sif Muna.
  8617 | D:6      | Found a sparkling altar of Nemelex Xobeh.
  8617 | D:6      | Found a glowing golden altar of the Shining One.
  8731 | D:6      | Found a basalt altar of Yredelemnul.
  8966 | D:7      | Reached skill level 5 in Fighting
  8966 | D:7      | Reached skill level 5 in Dodging
  9077 | D:7      | Reached skill level 1 in Evocations
  9420 | D:7      | Reached XP level 9. HP: 59/68 MP: 9/15
  9596 | D:7      | Offered knowledge of Dazzling Spray by Vehumet.
 10197 | D:8      | Noticed Nr616's ghost (novice HOFi)
 10224 | D:8      | Found a runed gate.
 10224 | D:8      | Found a runed gate.
 10224 | D:8      | Found a runed gate.
 10554 | D:8      | Reached *** piety under Vehumet
 11799 | D:9      | Noticed a two-headed ogre
 11874 | D:9      | Noticed Erica
 12013 | D:9      | Killed Erica
 12013 | D:9      | Reached skill level 5 in Evocations
 12013 | D:9      | Gained mutation: You have hooves in place of feet. [demonic
                  | ancestry]
 12013 | D:9      | Reached XP level 10. HP: 79/79 MP: 6/16
 12276 | D:9      | Killed a two-headed ogre
 12659 | D:9      | Noticed Joseph
 12773 | D:8      | Killed Joseph
 13071 | D:9      | Noticed a two-headed ogre
 13090 | D:9      | Killed a two-headed ogre
 13090 | D:9      | Offered knowledge of Olgreb's Toxic Radiance by Vehumet.
 13299 | D:9      | Found a burning altar of Makhleb.
 13359 | D:9      | Found Appam's Demolitions Depot.
 13368 | D:9      | Bought a scroll of immolation for 52 gold pieces
 13459 | D:9      | Found a shadowy altar of Dithmenos.
 13499 | D:9      | Reached skill level 5 in Spellcasting
 13564 | D:10     | Entered Level 10 of the Dungeon
 13728 | D:10     | Noticed Erolcha
 13954 | D:10     | Reached **** piety under Vehumet
 14351 | D:10     | Reached XP level 11. HP: 86/86 MP: 16/19
 14530 | D:10     | Offered knowledge of Lee's Rapid Deconstruction by Vehumet.
 14720 | D:10     | Found a staircase to the Lair.
 15023 | D:10     | Killed Erolcha
 15023 | D:10     | Reached skill level 6 in Spellcasting
 15380 | Lair:1   | Entered Level 1 of the Lair of Beasts
 16119 | Lair:1   | Learned a level 4 spell: Iskenderun's Mystic Blast
 16619 | Lair:1   | Reached skill level 7 in Spellcasting
 17914 | Lair:2   | Reached skill level 8 in Spellcasting
 18041 | Lair:2   | Gained mutation: You are mostly covered in molten scales.
                  | (AC +3) [demonic ancestry]
 18041 | Lair:2   | Reached XP level 12. HP: 92/92 MP: 14/24
 19346 | Lair:3   | Noticed a seven-headed hydra
 19357 | Lair:3   | Killed a seven-headed hydra
 19357 | Lair:3   | Reached skill level 9 in Spellcasting
 19644 | Lair:3   | Reached ***** piety under Vehumet
 19694 | Lair:3   | Offered knowledge of Freezing Cloud by Vehumet.
 19906 | Lair:3   | Got a vibrating crystal amulet
 20103 | Lair:3   | Noticed a death yak
 20117 | Lair:3   | Killed a death yak
 20179 | Lair:3   | Noticed a death yak
 20180 | Lair:3   | Noticed a death yak
 20180 | Lair:3   | Noticed a death yak
 20187 | Lair:3   | Noticed a death yak
 20192 | Lair:3   | Killed a death yak
 20195 | Lair:3   | Killed a death yak
 20197 | Lair:3   | Killed a death yak
 20202 | Lair:3   | Killed a death yak
 20408 | Lair:3   | Reached skill level 10 in Spellcasting
 20604 | Lair:3   | Noticed a catoblepas
 20641 | Lair:3   | Killed a catoblepas
 20912 | Lair:3   | Found a staircase to the Snake Pit.
 21198 | Lair:3   | Noticed a queen ant
 21213 | Lair:3   | Killed a queen ant
 21213 | Lair:3   | Reached skill level 10 in Conjurations
 22261 | Lair:4   | Gained mutation: You are significantly more attuned to the
                  | shadows. [demonic ancestry]
 22261 | Lair:4   | Reached XP level 13. HP: 89/98 MP: 17/27
 23090 | Lair:4   | Found a staircase to the Swamp.
 23953 | Lair:5   | Reached skill level 11 in Spellcasting
 24049 | Lair:5   | Offered knowledge of Ozocubu's Refrigeration by Vehumet.
 24638 | Lair:6   | Entered Level 6 of the Lair of Beasts
 26118 | Lair:6   | Reached skill level 12 in Spellcasting
 26755 | Lair:6   | Found a staircase to the Slime Pits.
 27253 | Lair:6   | Reached XP level 14. HP: 97/108 MP: 4/30
 28213 | Lair:5   | Offered knowledge of Bolt of Fire by Vehumet.
 28221 | Lair:5   | Learned a level 6 spell: Bolt of Fire
 28789 | Lair:6   | Reached skill level 10 in Fighting
 29199 | D:8      | Killed Nr616's ghost
 29199 | D:8      | Reached skill level 13 in Spellcasting
 29284 | D:8      | Got the ring of Ostriul {Fire}
 29900 | D:11     | Found Butret's Armour Shoppe.
 29910 | D:11     | Found a staircase to the Orcish Mines.
 30020 | D:11     | Bought a cursed +0 helmet for 52 gold pieces
 30020 | D:11     | Bought a +0 pair of gloves for 67 gold pieces
 30077 | D:11     | Identified the +2 robe "Zemoa" {rF+ Slay+3}
 30204 | D:11     | Reached skill level 10 in Dodging
 30316 | D:11     | Identified the amulet "Meatrur" {Inacc Fragile rPois rN+++
                  | Str-4} (You found it on level 3 of the Lair of Beasts)
 30317 | D:11     | Identified the ring of Ostriul {Fire rPois Str-5 Dex+3
                  | Stlth+} (You found it on level 8 of the Dungeon)
 30909 | Orc:1    | Entered Level 1 of the Orcish Mines
 31110 | Orc:1    | Found Feleoh's Jewellery Shop.
 31400 | Orc:2    | Entered Level 2 of the Orcish Mines
 31400 | Orc:2    | Found a staircase to the Elven Halls.
 31745 | Orc:1    | Reached skill level 10 in Fire Magic
 32593 | Orc:2    | Offered knowledge of Bolt of Magma by Vehumet.
 33262 | Orc:2    | Found Tatt's Distillery.
 33268 | Orc:2    | Found Laynacos's Assorted Antiques.
 33541 | Orc:2    | Found Hihotwec's Assorted Antiques.
 33546 | Orc:2    | Found Wefevick's Antique Weapon Boutique.
 33696 | Orc:2    | Gained mutation: When hurt, damage is shared between your
                  | health and your magic reserves. [demonic ancestry]
 33696 | Orc:2    | Reached XP level 15. HP: 115/115 MP: 1/32
 34377 | Orc:2    | Bought a pair of ichor-stained gloves for 351 gold pieces
 34377 | Orc:2    | Bought a scroll labeled OFOASM PUDDEI for 37 gold pieces
 34377 | Orc:2    | Bought a scroll labeled FIP IG UBOICW for 37 gold pieces
 34377 | Orc:2    | Bought a bubbling golden potion for 33 gold pieces
 34383 | Orc:2    | Bought a scroll of identify for 56 gold pieces
 34383 | Orc:2    | Identified the +0 pair of gloves of the Abyss {Regen+} (You
                  | bought it in a shop on level 2 of the Orcish Mines)
 34400 | Orc:2    | Bought 2 potions of heal wounds for 140 gold pieces
 34405 | Orc:2    | Bought a tubular jade ring for 140 gold pieces
 34405 | Orc:2    | Bought a scroll of magic mapping for 98 gold pieces
 34817 | D:12     | Got a polished hunting sling
 34818 | D:12     | Identified the +7 hunting sling of Qob Couv {flame, rC+
                  | rN+} (You found it on level 12 of the Dungeon)
 35174 | D:12     | Reached skill level 14 in Spellcasting
 35597 | D:13     | Found a flagged portal.
 35611 | Bailey   | Entered a bailey
 35619 | Bailey   | Noticed an orc warlord
 35719 | Bailey   | Found a runed gate.
 35719 | Bailey   | Found a runed gate.
 35719 | Bailey   | Found a runed gate.
 35814 | Bailey   | Killed an orc warlord
 35962 | Bailey   | Identified a scroll of acquirement
 36296 | D:13     | Found a gate to the Vaults.
 36299 | D:13     | Offered knowledge of Conjure Ball Lightning by Vehumet.
 38829 | D:15     | Entered Level 15 of the Dungeon
 38891 | D:15     | Noticed a fire giant
 38982 | D:15     | Killed a fire giant
 39113 | D:15     | Noticed Nessos
 39117 | D:15     | Killed Nessos
 39117 | D:15     | Reached skill level 1 in Shields
 39286 | D:15     | Noticed Louise
 39372 | D:15     | Found a staircase to the Depths.
 39714 | D:15     | Reached ****** piety under Vehumet
 40139 | D:15     | Reached skill level 15 in Spellcasting
 40139 | D:15     | Gained mutation: Your flesh is cold resistant. (rC+)
                  | [demonic ancestry]
 40139 | D:15     | Reached XP level 16. HP: 122/122 MP: 33/35
 40140 | D:15     | Quit the game

Vault maps used:
D:1:      minmay_arrival_solitary_statue
D:2:      cheibrodos_pilgrimage, overflow_temple_1_default, bloody_trog,
          first_ration, uniq_natasha, uniq_jessica, uniq_crazy_yiuf_cottage,
          uniq_sigmund
D:3:      lemuel_crystal_altar, chequers_ecumenical_altar_simple_redux,
          patterned_corridor, uniq_ijyb
D:4:      overflow_temple_1_default,
          nicolae_gozag_cash_rules_everything_around_me,
          minmay_temple_entry_junction, serial_shops, shop, hex_medium,
          kennysheep_generic_room_12
D:6:      grunt_temple_overflow_diamond, lemuel_statue_altar
D:7:      the_bakery, kennysheep_generic_room_16
D:8:      hangedman_cross_stitches, gammafunk_ghost_icy
D:9:      makhleb_blood_cavern_becter, marbit_many_paths, nicolae_blasting_shop,
          minmay_misc_feat_chi, chequers_serial_rivers_large_a,
          corexii_leaking_fountain, uniq_joseph, uniq_erica
D:10:     grunt_lair_entry_orc_guard_hut, chequers_big_river, uniq_erolcha
D:11:     orc_david_3, hangedman_decor_peaks_small
D:13:     lightli_vaults_fourway_checkpoint, enter_bailey_2
D:14:     hangedman_decor_push
D:15:     grunt_enter_depths_giant_problem, grunt_dithmenos_smoke, uniq_nessos,
          uniq_louise
Temple:   hc_temple_tempest_star
Lair:1:   beast_lair_carwin_5
Lair:2:   nicolae_volcano_entry_lava_flow
Lair:3:   minmay_snake_entry_six_corridors, chequers_serial_rivers_room_a,
          minmay_another_anthill
Lair:4:   skrybe_swamp_entry_bodies
Lair:5:   serial_bayou_shore_b, grunt_megastairs_3, infiniplex_staircase_pool
Lair:6:   minmay_lair_end_frog_pond, nicolae_slime_entry_slimehenge
Orc:1:    serial_shops, nicolae_shop_stone
Orc:2:    st_orc_open, elves_outpost_lemuel
Bailey:   bailey_axe_bossmonster_kennysheep, bailey

Skill      XL: |  1  2  3  4  5  6  7  8  9 10 11 12 13 14 15 |
---------------+----------------------------------------------+-----
Conjurations   | 2 3 4 5 6 8 10 11 12 | 12.2
Fire Magic     | 3 4 5 6 8 9 10 11 | 11.5
Spellcasting   | 3 4 5 8 10 12 13 15 | 15.2
Dodging        | 3 5 7 8 9 10 | 10.4
Fighting       | 3 5 7 8 9 10 | 10.0
Evocations     | 2 5 6 |  6.1
Shields        | 1 |  1.7
Stealth        | |  1.7

Action                   |  1- 3 |  4- 6 |  7- 9 | 10-12 | 13-15 | 16-18 || total
-------------------------+-------+-------+-------+-------+-------+-------++-------
Melee: Unarmed           |     6 |       |       |       |       |       ||     6
       Short sword       |    27 |    18 |    11 |       |       |       ||    56
       Kick              |       |     5 |     4 |       |       |       ||     9
       Quarterstaff      |       |       |    11 |       |       |       ||    11
       Staff             |       |       |       |       |     9 |       ||     9
 Cast: Flame Tongue      |    53 |   125 |   216 |   532 |   583 |       ||  1509
       Conjure Flame     |       |     4 |     8 |    15 |    26 |       ||    53
       Sticky Flame      |       |       |    27 |   111 |   175 |       ||   313
       Fireball          |       |       |       |    10 |    84 |       ||    94
       Iskenderun's Myst |       |       |       |     3 |   122 |       ||   125
       Bolt of Fire      |       |       |       |       |    46 |       ||    46
Evoke: Wand              |       |       |     9 |     4 |    24 |       ||    37
  Use: Scroll            |       |     7 |     8 |     4 |    13 |       ||    32
       Potion            |       |       |       |     1 |     1 |       ||     2
 Stab: Sleeping          |     6 |     1 |     1 |       |       |       ||     8
  Eat: Chunk             |     1 |    11 |    22 |    25 |    59 |       ||   118
       Ration            |     1 |       |     1 |     5 |     4 |       ||    11
Armor: Robe              |    17 |    19 |    30 |       |       |       ||    66
       Leather armour    |       |       |     2 |    55 |     5 |       ||    62
       Ring mail         |       |       |       |       |   162 |       ||   162
Dodge: Dodged            |    34 |    25 |    98 |   226 |   387 |       ||   770
Block: Other             |       |    12 |    18 |    37 |    83 |       ||   150
       Reflection        |       |       |     1 |     6 |    12 |       ||    19
       Buckler           |       |       |       |       |     4 |       ||     4

Table legend:
 A = Non-vault XP
 B = Vault XP
 C = Vault XP percentage of total XP
 D = Non-vault monster count
 E = Vault monster count
 F = Vault count percentage of total count
                 A         B        C        D         E       F
            +---------+---------+-------+---------+---------+-------
      Total |   79166 |   56290 |  41.6 |     534 |     241 |  31.1
            +---------+---------+-------+---------+---------+-------
        D:1 |      30 |       0 |   0.0 |      17 |       0 |   0.0
        D:2 |     134 |     427 |  76.1 |      22 |       9 |  29.0
        D:3 |     162 |      36 |  18.2 |      20 |       1 |   4.8
        D:4 |     351 |      51 |  12.7 |      25 |       1 |   3.8
        D:5 |     565 |       0 |   0.0 |      20 |       0 |   0.0
        D:6 |     442 |       0 |   0.0 |      14 |       0 |   0.0
        D:7 |     654 |     498 |  43.2 |      17 |       4 |  19.0
        D:8 |    1281 |    2340 |  64.6 |      16 |      18 |  52.9
        D:9 |    2904 |    1040 |  26.4 |      20 |       4 |  16.7
       D:10 |    2646 |    1303 |  33.0 |      40 |       4 |   9.1
       D:11 |    5209 |     148 |   2.8 |      32 |       5 |  13.5
       D:12 |    2714 |       0 |   0.0 |      25 |       0 |   0.0
       D:13 |    6140 |    7864 |  56.2 |      36 |      12 |  25.0
       D:14 |    7094 |       0 |   0.0 |      28 |       0 |   0.0
       D:15 |    2783 |    2897 |  51.0 |      17 |       2 |  10.5
     Lair:1 |    3653 |     839 |  18.7 |      13 |       7 |  35.0
     Lair:2 |    5929 |       0 |   0.0 |      28 |       0 |   0.0
     Lair:3 |    9016 |    4670 |  34.1 |      18 |      49 |  73.1
     Lair:4 |    4539 |     279 |   5.8 |      18 |       1 |   5.3
     Lair:5 |    5209 |    2267 |  30.3 |      17 |       7 |  29.2
     Lair:6 |   13018 |   10179 |  43.9 |      39 |      45 |  53.6
      Orc:1 |    2074 |    3629 |  63.6 |      26 |       8 |  23.5
      Orc:2 |    2619 |   15850 |  85.8 |      26 |      37 |  58.7
     Bailey |       0 |    1973 | 100.0 |       0 |      27 | 100.0
            +---------+---------+-------+---------+---------+-------
